 Dungeon Crawl Stone Soup version 0.23.2-40-g277498a001 (webtiles) character file.

Game seed: 7391186157896194367

289 Folks the Conjurer (level 5, 0/38 HPs)
             Began as a Demigod Conjurer on Aug 21, 2019.
             Splashed by Ijyb's acid (14 damage)
             ... on level 3 of the Dungeon.
             The game lasted 00:05:59 (2266 turns).

Folks the Conjurer (Demigod Conjurer)               Turns: 2266, Time: 00:06:00

Health: 0/38       AC:  2    Str: 11    XL:     5   Next: 82%
Magic:  9/14       EV: 12    Int: 21    God:
Gold:   224        SH:  0    Dex: 16    Spells: 2/12 levels left

rFire    . . .     SeeInvis .   i - +0 halberd
rCold    . . .     Gourm    .   (shield currently unavailable)
rNeg     . . .     Faith    .   a - +0 robe
rPois    .         Spirit   .   (no helmet)
rElec    .         Reflect  .   (no cloak)
rCorr    .         Harm     .   (no gloves)
MR       .....                  (no boots)
Stlth    ++........             (no amulet)
HPRegen  0.12/turn              (no ring)
MPRegen  0.14/turn              (no ring)

@: no status effects
A: high mp 1
a: no special abilities


You were on level 3 of the Dungeon.
You were hungry.

You visited 1 branch of the dungeon, and saw 3 of its levels.

You collected 224 gold pieces.

Inventory:

Hand Weapons
 e - a +0 dagger
 i - a +0 halberd (weapon)
Armour
 a - a +0 robe (worn)
 g - a +0 ring mail
Jewellery
 u - an uncursed ring of fire {unknown}
Scrolls
 b - a scroll of enchant weapon {unknown}
 d - a scroll of remove curse {unknown}
 h - a scroll of noise
 l - a scroll of identify
 m - a scroll of amnesia {unknown}
 o - a scroll of teleportation {unknown}
Potions
 f - a potion of degeneration {unknown}
 j - a potion of heal wounds {unknown}
 k - a potion of ambrosia
 n - 2 potions of flight {unknown}
 p - a potion of brilliance {unknown}
 q - a potion of resistance
 r - a potion of curing {unknown}
 s - a potion of mutation {unknown}
Comestibles
 c - 3 rations


   Skills:
 - Level 1.7 Dodging
 - Level 1.7 Stealth
 - Level 4.1 Spellcasting
 + Level 4.8 Conjurations
 * Level 1.7 Hexes


You had 2 spell levels left.
You knew the following spells:

 Your Spells              Type           Power        Failure   Level  Hunger
a - Magic Dart            Conj           ###.         1%          1    None
b - Searing Ray           Conj           ###...       2%          2    #......
c - Dazzling Spray        Conj/Hex       ###...       9%          3    ###....
d - Fulminant Prism       Conj/Hex       ###.......   30%         4    ####...

Your spell library contained the following spells:

 Spells                   Type           Power        Failure   Level  Hunger
 Iskenderun's Mystic Bla  Conj           ###.....     16%         4    ####...
 Force Lance              Conj/Tloc      ##......     41%         4    ####...


Dungeon Overview and Level Annotations

Branches:
Dungeon (3/15)

Annotations:
D:3 Ijyb


Innate Abilities, Weirdness & Mutations

You have an increased reservoir of magic. (+10% MP)


Message History

Casting: Searing Ray (safe; 2% risk of failure)
Confirm with . or Enter, or press ? or * to list all spells.
Aiming: Dazzling Spray (safe; 9% risk of failure)
Press: ? - help, Shift-Dir - straight line, f - Ijyb
Aim: Ijyb, wearing a +0 leather armour and carrying a wand of acid (8)
The spray of energy hits Ijyb.
Ijyb is lightly wounded.
Ijyb is dazzled.
A frilled lizard comes into view.
Casting: Dazzling Spray (safe; 9% risk of failure)
Confirm with . or Enter, or press ? or * to list all spells.
Aiming: Searing Ray (safe; 2% risk of failure)
Press: ? - help, Shift-Dir - straight line, f/p - Ijyb
Aim: Ijyb, wearing a +0 leather armour and carrying a wand of acid (8) (lightly wounded, blind)
The searing ray hits Ijyb but does no damage.
Ijyb is lightly wounded. (Press . to maintain the ray.)
The frilled lizard hisses angrily.
Ijyb zaps a wand.
The bolt of acid hits you!!
You are splashed with acid!
You die...

##### #...#
###########.### #
#...........#
######.#########.#
.....#.#### #.#
######....# #@# #
####.# #.......# #
#.# #.......# #
#.# +.g.....#
#########.#
#.......#
..........#
#.......#
###########
#.l.....# ###
#.......# ..###


You could see Ijyb (blind) and a frilled lizard.

Vanquished Creatures
  Sigmund (D:2)
  A bullfrog skeleton (D:3)
  A worker ant (D:3)
  3 adders
  A gnoll (D:1)
  A worm (D:2)
  A dart slug (D:1)
  2 leopard geckos
  A ball python (D:2)
  2 bats
  A giant cockroach (D:1)
  7 goblins
  4 hobgoblins
  4 jackals (D:3)
  A kobold (D:3)
  A quokka (D:2)
  4 frilled lizards
  6 rats
42 creatures vanquished.

Vanquished Creatures (others)
  A fulminant prism (D:3)
1 creature vanquished.

Grand Total: 43 creatures vanquished

Notes
Turn   | Place    | Note
-------+----------+-------------------------------------------
     0 | D:1      | Folks the Demigod Conjurer began the quest for the Orb.
     0 | D:1      | Reached XP level 1. HP: 14/14 MP: 5/5
   218 | D:1      | Reached XP level 2. HP: 15/20 MP: 1/7
   425 | D:1      | Learned a level 2 spell: Searing Ray
   910 | D:2      | Reached XP level 3. HP: 26/26 MP: 5/9
   993 | D:2      | Noticed Sigmund
  1030 | D:2      | Killed Sigmund
  1030 | D:2      | Reached XP level 4. HP: 7/33 MP: 8/13
  1030 | D:2      | Reached XP level 5. HP: 8/38 MP: 8/14
  1042 | D:2      | Learned a level 3 spell: Dazzling Spray
  1047 | D:2      | Learned a level 4 spell: Fulminant Prism
  1777 | D:3      | Reached skill level 1 in Hexes
  2263 | D:3      | Noticed Ijyb
  2266 | D:3      | Splashed by Ijyb's acid

Skill      XL: |  1  2  3  4  5 |
---------------+----------------+-----
Spellcasting   | 2 4 |  4.1
Conjurations   | 4 |  4.8
Hexes          | 1 |  1.7
Dodging        | |  1.7
Stealth        | |  1.7

Action                   |  1- 3 |  4- 6 || total
-------------------------+-------+-------++-------
Melee: Unarmed           |     6 |       ||     6
       Dagger            |     2 |       ||     2
       Halberd           |    14 |    20 ||    34
 Cast: Magic Dart        |    25 |     3 ||    28
       Searing Ray       |     3 |     8 ||    11
       Fulminant Prism   |       |     1 ||     1
       Dazzling Spray    |       |     1 ||     1
  Use: Potion            |     1 |       ||     1
       Scroll            |       |     3 ||     3
 Stab: Sleeping          |     3 |     2 ||     5
  Eat: Chunk             |       |     4 ||     4
Armor: Robe              |     2 |     4 ||     6
Dodge: Dodged            |    16 |    13 ||    29
